Senators vs Blackdemons
(R1)
Created - 9 décembre 2015 at 19:06
Goals
|
| Senators |
3 |
3 |
1 |
7 |
| Blackdemons |
1 |
3 |
1 |
5 |
|
Shots
|
| Senators |
18 |
22 |
9 |
49 |
| Blackdemons |
12 |
18 |
3 |
33 |
|
1st period
1. Senators , Sergei Kostitsyn 15 (Nikita Alexeev) at 8:55
2. Senators , Sergei Kostitsyn 16 (Nikita Alexeev, Josh Hennessy) at 10:05 (PP)
3. Blackdemons , Barry Tallackson 19 (Patrice Cormier) at 15:10 (PP)
4. Senators , Steven Goertzen 12 (Cody Hodgson, Shane Sims) at 15:24
Penalties :
Zach Boychuk (MJM) for Tripping (Minor) at 9:56, Ryan Hegarty (BIN) for Hooking (Minor) at 14:24, Logan Stephenson (BIN) for Slashing (Minor) at 15:57
2nd period
5. Blackdemons , Shawn Matthias 9 (Enver Lisin, Zach Boychuk) at 0:41 (PP)
6. Blackdemons , Zach Boychuk 26 (Matt Irwin, Andrew MacDonald) at 4:05 (PP)
7. Senators , Sergei Kostitsyn 17 (Nikita Alexeev, Logan Stephenson) at 4:42
8. Senators , Gabriel Bourque 8 (Shane Sims, Sergei Kostitsyn) at 5:33
9. Blackdemons , Eric Wellwood 7 (Wayne Primeau, Richard Park) at 7:05
10. Senators , Cody Hodgson 13 (Nicolas Deslauriers) at 10:03
Penalties :
Cody Hodgson (BIN) for Hooking (Minor) at 0:27, Logan Stephenson (BIN) for Roughing (Minor) at 3:49, Jakub Kindl (MJM) for Holding (Minor) at 15:55
3rd period
11. Senators , Sergei Kostitsyn 18 (Josh Hennessy, Alexander Salak) at 18:22 (PP)
12. Blackdemons , Zach Boychuk 27 (Enver Lisin, Shawn Matthias) at 18:40 (PP)
Penalties :
Bryan Rust (MJM) for High sticking (Minor) at 3:18, Enver Lisin (MJM) for Holding (Minor) at 17:40, Nikita Alexeev (BIN) for Interference (Minor) at 18:37
Goalie Stats
Alexander Salak (BIN), 28 saves from 33 shots - (0,848), W, 2-1-1, 60:00 minutes
Chris Mason (MJM), 19 saves from 24 shots - (0,792), 25:33 minutes
Matt Hackett (MJM), 23 saves from 25 shots - (0,920), L, 0-3-0, 34:27 minutes
Players Stats for Senators
Player Name G A P +/- PIM S H SB GA TA FO MP PP MP PK MP
------------------------------------------------------------------------------------
Brett Sterling 0 0 0 2 0 1 0 0 0 2 0/0 16:52 2:02 1:10
Cody Hodgson 1 1 2 2 2 6 0 0 0 0 8/12 16:20 2:02 0:39
Gabriel Bourque 1 0 1 0 0 2 1 1 1 1 0/0 11:33 0:07 0:00
Jack Skille 0 0 0 0 0 2 0 0 0 0 0/0 11:33 0:07 0:00
Jaden Schwartz 0 0 0 0 0 6 1 1 2 0 0/0 10:55 0:00 0:00
Josh Hennessy 0 2 2 2 0 0 2 0 0 0 13/29 19:07 2:40 0:35
Logan Stephenson 0 1 1 3 4 1 1 4 0 1 0/0 25:05 2:56 0:59
Mark Olver 0 0 0 0 0 3 0 1 1 0 2/6 11:33 0:07 0:00
Martin Marincin 0 0 0 1 0 1 1 2 0 1 0/0 18:19 1:53 0:53
Matt Frattin 0 0 0 0 0 6 0 0 1 0 2/4 12:12 0:00 1:17
Nick Bjugstad 0 0 0 0 0 1 1 0 0 0 1/4 10:55 0:00 0:00
Nicolas Deslauriers 0 1 1 0 0 2 2 1 0 0 0/0 16:34 0:00 1:26
Nikita Alexeev 0 3 3 2 2 6 3 0 1 1 4/6 19:57 2:40 1:26
Patrick Wey 0 0 0 1 0 0 0 1 0 1 0/0 18:19 1:53 0:53
Ryan Hegarty 0 0 0 0 2 1 1 1 0 0 0/0 15:51 0:00 0:00
Sergei Kostitsyn 4 1 5 2 0 6 0 2 0 0 0/1 20:01 2:40 1:29
Shane Sims 0 2 2 3 0 0 3 3 1 1 0/0 25:49 2:56 2:25
Steven Goertzen 1 0 1 2 0 5 0 0 1 0 0/1 15:42 2:02 0:00
Players Stats for Blackdemons
Player Name G A P +/- PIM S H SB GA TA FO MP PP MP PK MP
------------------------------------------------------------------------------------
Andrew MacDonald 0 1 1 -5 0 3 0 1 1 1 0/0 22:17 2:21 2:04
Barry Tallackson 1 0 1 0 0 4 2 2 1 0 0/0 14:25 0:58 0:00
Ben Maxwell 0 0 0 0 0 0 1 0 1 0 0/2 8:32 0:00 0:00
Bryan Rust 0 0 0 0 2 0 0 1 0 0 0/0 9:00 0:00 0:00
Calvin de Haan 0 0 0 0 0 0 1 2 0 1 0/0 15:11 0:57 0:33
Enver Lisin 0 2 2 -3 2 4 3 0 1 0 1/1 20:01 2:19 0:00
Eric Wellwood 1 0 1 -1 0 1 0 0 0 0 0/0 12:53 0:00 1:31
Jakub Kindl 0 0 0 1 2 1 3 0 1 3 0/0 23:14 0:57 1:32
Mathieu Dandenault 0 0 0 0 0 1 0 0 0 0 1/1 10:35 0:01 0:26
Matt Hunwick 0 0 0 -5 0 1 1 0 0 1 0/0 16:38 0:00 1:13
Matt Irwin 0 1 1 1 0 4 1 2 0 0 0/0 26:58 2:21 2:45
Michael Haley 0 0 0 0 0 0 3 1 0 2 1/2 14:41 0:58 0:16
Patrice Cormier 0 1 1 -3 0 0 1 0 0 0 17/30 19:15 0:59 0:32
Richard Park 0 1 1 -1 0 1 2 0 0 0 0/0 14:59 0:01 2:44
Shawn Matthias 1 1 2 0 0 2 2 0 1 0 8/13 16:25 2:19 0:26
Steve Oleksy 0 0 0 0 0 0 1 1 1 0 0/0 15:44 0:00 1:31
Wayne Primeau 0 1 1 -1 0 3 2 0 0 0 3/11 13:59 0:00 3:08
Zach Boychuk 2 1 3 -3 2 8 1 1 1 0 2/3 20:20 2:19 0:35
3 Stars
1 - Sergei Kostitsyn (BIN)
2 - Shane Sims (BIN)
3 - Nikita Alexeev (BIN)
Power Play
Senators - 2 on 4 Attempt(s) - 50,00%
Blackdemons - 4 on 5 Attempt(s) - 80,00%
Penalty Kill
Senators - 1 on 5 Attempt(s) - 20,00%
- Score 0 goal in Penalty Kill
Blackdemons - 2 on 4 Attempt(s) - 50,00%
- Score 0 goal in Penalty Kill
Team Stat
Senators - Hits : 16 - Faceoff Wins : 30 - Blocked Shots : 17 - Penalty Minutes : 10
Blackdemons - Hits : 24 - Faceoff Wins : 33 - Blocked Shots : 11 - Penalty Minutes : 8
Official
Referees : Hebert Ghislain and Pollock Kevin
Linesman : Shane Heyer and Jay Sharrers
Game Notes
Sergei Kostitsyn has scored a Hat Trick!
Matt Hackett enters game at 5:33 of 2nd period
Finance
Level 1 -- Attendance: 1333 (66,65%) -- Ticket Income 39 990 $
Level 2 -- Attendance: 759 (75,90%) -- Ticket Income 7 590 $
Total Attendance: 2092 (69,73%)
Total Ticket Income: 47 580 $
Other Income: 2 379 $
Total Income: 49 959 $
Senators
5 vs 5 Forward
Center Left Wing Right Wing Time % Phy DF OF
1 Josh Hennessy Sergei Kostitsyn Nikita Alexeev 40 0 2 3
2 Cody Hodgson Brett Sterling Steven Goertzen 30 0 2 3
3 Mark Olver Gabriel Bourque Jack Skille 20 1 2 2
4 Nick Bjugstad Jaden Schwartz Matt Frattin 10 1 2 2
5 vs 5 Defense
Defense Defense Time % Phy DF OF
1 Logan Stephenson Shane Sims 40 1 2 2
2 Patrick Wey Martin Marincin 30 1 2 2
3 Ryan Hegarty Nicolas Deslauriers 20 1 2 2
4 Logan Stephenson Shane Sims 10 1 2 2
PowerPlay Forward
Center Left Wing Right Wing Time % Phy DF OF
1 Josh Hennessy Sergei Kostitsyn Nikita Alexeev 60 0 2 3
2 Cody Hodgson Brett Sterling Steven Goertzen 40 0 2 3
PowerPlay Defense
Defense Defense Time % Phy DF OF
1 Logan Stephenson Shane Sims 60 1 2 2
2 Patrick Wey Martin Marincin 40 1 2 2
Penalty Kill 4 Players Forward
Center Wing Time % Phy DF OF
1 Nikita Alexeev Sergei Kostitsyn 60 0 3 2
2 Josh Hennessy Cody Hodgson 40 0 3 2
Penalty Kill 4 Players Defense
Defense Defense Time % Phy DF OF
1 Logan Stephenson Shane Sims 60 1 2 2
2 Patrick Wey Martin Marincin 40 1 2 2
Penalty Kill - 3 Players Forward
Forward Time % Phy DF OF
1 Nikita Alexeev 60 0 3 2
2 Sergei Kostitsyn 40 0 3 2
Penalty Kill - 3 Players Defense
Defense Defense Time % Phy DF OF
1 Logan Stephenson Shane Sims 60 1 2 2
2 Patrick Wey Martin Marincin 40 1 2 2
4 vs 4 Forward
Center Wing Time % Phy DF OF
1 Nikita Alexeev Sergei Kostitsyn 60 1 2 2
2 Cody Hodgson Josh Hennessy 40 1 2 2
4 vs 4 Defense
Defense Defense Time % Phy DF OF
1 Logan Stephenson Shane Sims 60 1 2 2
2 Patrick Wey Martin Marincin 40 1 2 2
Last Minutes Offensive
Center Left Wing Right Wing Defense Defense
Josh Hennessy Sergei Kostitsyn Nikita Alexeev Logan Stephenson Shane Sims
Last Minutes Defensive
Center Left Wing Right Wing Defense Defense
Josh Hennessy Sergei Kostitsyn Nikita Alexeev Logan Stephenson Shane Sims
Goaltenders
Starting : Alexander Salak
Backup : Jonas Gustavsson
Extra Forwards
Normal : Jack Skille, Mark Olver, Matt Frattin - PP : Jack Skille, Mark Olver - PK : Matt Frattin
Extra Defensemen
Normal : Ryan Hegarty, Nicolas Deslauriers, Patrick Wey - PP : Ryan Hegarty - PK : Nicolas Deslauriers, Patrick Wey
Penalty Shots
Nikita Alexeev, Sergei Kostitsyn, Josh Hennessy, Cody Hodgson, Steven Goertzen
Blackdemons
5 vs 5 Forward
Center Left Wing Right Wing Time % Phy DF OF
1 Patrice Cormier Zach Boychuk Enver Lisin 40 1 2 2
2 Shawn Matthias Michael Haley Barry Tallackson 30 1 2 2
3 Wayne Primeau Eric Wellwood Richard Park 20 1 2 2
4 Ben Maxwell Bryan Rust Mathieu Dandenault 10 1 2 2
5 vs 5 Defense
Defense Defense Time % Phy DF OF
1 Matt Irwin Jakub Kindl 40 1 2 2
2 Andrew MacDonald Matt Hunwick 30 1 2 2
3 Steve Oleksy Calvin de Haan 20 1 2 2
4 Andrew MacDonald Matt Irwin 10 1 2 2
PowerPlay Forward
Center Left Wing Right Wing Time % Phy DF OF
1 Shawn Matthias Zach Boychuk Enver Lisin 60 1 2 2
2 Patrice Cormier Michael Haley Barry Tallackson 40 1 2 2
PowerPlay Defense
Defense Defense Time % Phy DF OF
1 Matt Irwin Andrew MacDonald 60 1 2 2
2 Jakub Kindl Calvin de Haan 40 1 2 2
Penalty Kill 4 Players Forward
Center Wing Time % Phy DF OF
1 Wayne Primeau Richard Park 60 1 2 2
2 Shawn Matthias Mathieu Dandenault 40 1 2 2
Penalty Kill 4 Players Defense
Defense Defense Time % Phy DF OF
1 Matt Irwin Jakub Kindl 60 1 2 2
2 Andrew MacDonald Steve Oleksy 40 1 2 2
Penalty Kill - 3 Players Forward
Forward Time % Phy DF OF
1 Richard Park 60 1 2 2
2 Mathieu Dandenault 40 1 2 2
Penalty Kill - 3 Players Defense
Defense Defense Time % Phy DF OF
1 Matt Irwin Jakub Kindl 60 1 2 2
2 Andrew MacDonald Steve Oleksy 40 1 2 2
4 vs 4 Forward
Center Wing Time % Phy DF OF
1 Enver Lisin Barry Tallackson 60 1 2 2
2 Shawn Matthias Wayne Primeau 40 1 2 2
4 vs 4 Defense
Defense Defense Time % Phy DF OF
1 Matt Irwin Jakub Kindl 60 1 2 2
2 Andrew MacDonald Steve Oleksy 40 1 2 2
Last Minutes Offensive
Center Left Wing Right Wing Defense Defense
Shawn Matthias Zach Boychuk Enver Lisin Matt Irwin Andrew MacDonald
Last Minutes Defensive
Center Left Wing Right Wing Defense Defense
Wayne Primeau Mathieu Dandenault Richard Park Matt Hunwick Jakub Kindl
Goaltenders
Starting : Chris Mason
Backup : Matt Hackett
Extra Forwards
Normal : Richard Park, Mathieu Dandenault, Eric Wellwood - PP : Richard Park, Mathieu Dandenault - PK : Eric Wellwood
Extra Defensemen
Normal : Matt Hunwick, Calvin de Haan, Steve Oleksy - PP : Calvin de Haan - PK : Matt Irwin, Calvin de Haan
Penalty Shots
Enver Lisin, Barry Tallackson, Shawn Matthias, Wayne Primeau, Richard Park
% Time on Ice - Senators
Lines # - Real PCT - Wanted PCT - Time Play
Normal Forward
1 - 31% - 40% - 15:52
2 - 26% - 30% - 13:40
3 - 22% - 20% - 11:26
4 - 21% - 10% - 10:55
Normal Defense
1 - 37% - 40% - 19:22
2 - 30% - 30% - 15:33
3 - 29% - 20% - 15:08
4 - 4% - 10% - 1:50
PP Forward
1 - 58% - 60% - 2:47
2 - 42% - 40% - 2:02
PP Defense
1 - 61% - 60% - 2:56
2 - 39% - 40% - 1:53
PK Forward
1 - 80% - 60% - 2:39
2 - 20% - 40% - 0:39
PK Defense
1 - 73% - 60% - 2:25
2 - 27% - 40% - 0:53
PK3 Forward
1 - 0% - 60%
2 - 0% - 40%
PK3 Defense
1 - 0% - 60%
2 - 0% - 40%
44 Forward
1 - 0% - 60%
2 - 0% - 40%
44 Defense
1 - 0% - 60%
2 - 0% - 40%
Last Minute Offensive - 0:00
Last Minute Defensive - 0:00
Total
Forward - 60:00
Defense - 60:00
|
% Time on Ice - Blackdemons
Lines # - Real PCT - Wanted PCT - Time Play
Normal Forward
1 - 35% - 40% - 18:06
2 - 29% - 30% - 14:53
3 - 20% - 20% - 10:22
4 - 16% - 10% - 8:32
Normal Defense
1 - 39% - 40% - 20:29
2 - 30% - 30% - 15:31
3 - 26% - 20% - 13:24
4 - 5% - 10% - 2:29
PP Forward
1 - 70% - 60% - 2:19
2 - 30% - 40% - 0:59
PP Defense
1 - 71% - 60% - 2:21
2 - 29% - 40% - 0:57
PK Forward
1 - 91% - 60% - 4:23
2 - 9% - 40% - 0:26
PK Defense
1 - 73% - 60% - 3:31
2 - 27% - 40% - 1:18
PK3 Forward
1 - 0% - 60%
2 - 0% - 40%
PK3 Defense
1 - 0% - 60%
2 - 0% - 40%
44 Forward
1 - 0% - 60%
2 - 0% - 40%
44 Defense
1 - 0% - 60%
2 - 0% - 40%
Last Minute Offensive - 0:00
Last Minute Defensive - 0:00
Total
Forward - 60:00
Defense - 60:00
|
Play by Play
1st period
0:01 of 1st period - Josh Hennessy wins face-off versus Patrice Cormier in neutral zone.
0:10 of 1st period - Snap shot by Sergei Kostitsyn.
0:10 of 1st period - Deflect By Nikita Alexeev.
0:10 of 1st period - Stopped by Chris Mason without a rebound.
0:11 of 1st period - Shawn Matthias wins face-off versus Steven Goertzen in Blackdemons zone.
0:46 of 1st period - Slapshot by Andrew MacDonald.
0:46 of 1st period - Shot Blocked by Mark Olver.
0:58 of 1st period - Steve Oleksy is hit by Ryan Hegarty and loses puck.
1:04 of 1st period - Off-side.
1:05 of 1st period - Nick Bjugstad wins face-off versus Ben Maxwell in neutral zone.
1:34 of 1st period - Slapshot by Enver Lisin.
1:34 of 1st period - Shot Misses the Net.
1:36 of 1st period - Slapshot by Patrice Cormier.
1:36 of 1st period - Shot Blocked by Logan Stephenson.
1:38 of 1st period - Wrist shot by Steve Oleksy.
1:38 of 1st period - Shot Misses the Net.
1:40 of 1st period - Snap shot by Zach Boychuk.
1:40 of 1st period - Shot Misses the Net.
2:55 of 1st period - Wrist shot by Jaden Schwartz.
2:55 of 1st period - Stopped by Chris Mason with a rebound.
3:45 of 1st period - Wrist shot by Cody Hodgson.
3:45 of 1st period - Stopped by Chris Mason with a rebound.
5:09 of 1st period - Wrist shot by Richard Park.
5:09 of 1st period - Shot Blocked by Logan Stephenson.
5:11 of 1st period - Wrist shot by Eric Wellwood.
5:11 of 1st period - Shot Misses the Net.
5:13 of 1st period - Snap shot by Wayne Primeau.
5:13 of 1st period - Stopped by Alexander Salak with a rebound.
5:15 of 1st period - Snap shot by Wayne Primeau.
5:15 of 1st period - Stopped by Alexander Salak without a rebound.
5:16 of 1st period - Patrice Cormier wins face-off versus Josh Hennessy in Senators zone.
5:47 of 1st period - Mark Olver is hit by Barry Tallackson and loses puck.
6:24 of 1st period - Jaden Schwartz is hit by Jakub Kindl and loses puck.
6:39 of 1st period - Snap shot by Matt Frattin.
6:39 of 1st period - Stopped by Chris Mason without a rebound.
6:40 of 1st period - Josh Hennessy wins face-off versus Shawn Matthias in Blackdemons zone.
6:53 of 1st period - Slapshot by Josh Hennessy.
6:53 of 1st period - Deflect By Nikita Alexeev.
6:53 of 1st period - Shot Misses the Net.
6:53 of 1st period - Puck is out of play.
6:54 of 1st period - Josh Hennessy wins face-off versus Patrice Cormier in Blackdemons zone.
7:24 of 1st period - Slapshot by Barry Tallackson.
7:24 of 1st period - Stopped by Alexander Salak without a rebound.
7:25 of 1st period - Patrice Cormier wins face-off versus Mark Olver in Senators zone.
7:28 of 1st period - Slapshot by Zach Boychuk.
7:28 of 1st period - Stopped by Alexander Salak with a rebound.
7:30 of 1st period - Backhand shot by Matt Hunwick.
7:30 of 1st period - Shot Misses the Net.
7:32 of 1st period - Slapshot by Matt Hunwick.
7:32 of 1st period - Shot Blocked by Gabriel Bourque.
7:34 of 1st period - Snap shot by Andrew MacDonald.
7:34 of 1st period - Deflect By Enver Lisin.
7:34 of 1st period - Shot Blocked by Martin Marincin.
7:34 of 1st period - Puck is out of play.
7:35 of 1st period - Patrice Cormier wins face-off versus Sergei Kostitsyn in Senators zone.
7:42 of 1st period - Backhand shot by Zach Boychuk.
7:42 of 1st period - Stopped by Alexander Salak without a rebound.
7:43 of 1st period - Patrice Cormier wins face-off versus Josh Hennessy in Senators zone.
7:52 of 1st period - Slapshot by Matt Irwin.
7:52 of 1st period - Shot Blocked by Sergei Kostitsyn.
8:08 of 1st period - Slapshot by Matt Irwin.
8:08 of 1st period - Stopped by Alexander Salak without a rebound.
8:09 of 1st period - Shawn Matthias wins face-off versus Mark Olver in Senators zone.
8:45 of 1st period - Wrist shot by Gabriel Bourque.
8:45 of 1st period - Shot Misses the Net.
8:47 of 1st period - Snap shot by Mark Olver.
8:47 of 1st period - Stopped by Chris Mason without a rebound.
8:48 of 1st period - Patrice Cormier wins face-off versus Josh Hennessy in Blackdemons zone.
8:55 of 1st period - Snap shot by Sergei Kostitsyn.
8:55 of 1st period - Goal by Sergei Kostitsyn - Senators : 1 - Blackdemons : 0.
8:56 of 1st period - Josh Hennessy wins face-off versus Zach Boychuk in neutral zone.
8:59 of 1st period - Wrist shot by Nikita Alexeev.
8:59 of 1st period - Stopped by Chris Mason without a rebound.
9:00 of 1st period - Josh Hennessy wins face-off versus Patrice Cormier in Blackdemons zone.
9:13 of 1st period - Wrist shot by Nikita Alexeev.
9:13 of 1st period - Stopped by Chris Mason with a rebound.
9:27 of 1st period - Snap shot by Barry Tallackson.
9:27 of 1st period - Shot Blocked by Shane Sims.
9:49 of 1st period - Slapshot by Jack Skille.
9:49 of 1st period - Stopped by Chris Mason with a rebound.
9:51 of 1st period - Snap shot by Jack Skille.
9:51 of 1st period - Shot Misses the Net.
9:53 of 1st period - Wrist shot by Mark Olver.
9:53 of 1st period - Stopped by Chris Mason without a rebound.
9:54 of 1st period - Patrice Cormier wins face-off versus Josh Hennessy in Blackdemons zone.
9:56 of 1st period - Minor Penalty to Zach Boychuk for Tripping.
9:57 of 1st period - Josh Hennessy wins face-off versus Wayne Primeau in Blackdemons zone.
10:03 of 1st period - Snap shot by Nikita Alexeev.
10:03 of 1st period - Stopped by Chris Mason with a rebound.
10:05 of 1st period - Wrist shot by Sergei Kostitsyn.
10:05 of 1st period - Goal by Sergei Kostitsyn - Senators : 2 - Blackdemons : 0.
10:06 of 1st period - Patrice Cormier wins face-off versus Josh Hennessy in neutral zone.
10:09 of 1st period - Sergei Kostitsyn is hit by Zach Boychuk and loses puck.
10:18 of 1st period - Snap shot by Zach Boychuk.
10:18 of 1st period - Deflect By Enver Lisin.
10:18 of 1st period - Shot Misses the Net.
10:18 of 1st period - Puck is out of play.
10:19 of 1st period - Nikita Alexeev wins face-off versus Patrice Cormier in Senators zone.
10:52 of 1st period - Wrist shot by Steven Goertzen.
10:52 of 1st period - Stopped by Chris Mason with a rebound.
10:54 of 1st period - Wrist shot by Ryan Hegarty.
10:54 of 1st period - Shot Blocked by Barry Tallackson.
10:56 of 1st period - Slapshot by Nicolas Deslauriers.
10:56 of 1st period - Stopped by Chris Mason with a rebound.
10:58 of 1st period - Wrist shot by Brett Sterling.
10:58 of 1st period - Shot Misses the Net.
11:14 of 1st period - Patrick Wey is hit by Calvin de Haan and loses puck.
12:35 of 1st period - Snap shot by Jaden Schwartz.
12:35 of 1st period - Shot Misses the Net.
12:37 of 1st period - Slapshot by Matt Frattin.
12:37 of 1st period - Shot Misses the Net.
12:39 of 1st period - Wrist shot by Logan Stephenson.
12:39 of 1st period - Stopped by Chris Mason without a rebound.
12:40 of 1st period - Mathieu Dandenault wins face-off versus Josh Hennessy in Blackdemons zone.
12:40 of 1st period - Mathieu Dandenault is hit by Nicolas Deslauriers.
12:50 of 1st period - Wrist shot by Nikita Alexeev.
12:50 of 1st period - Shot Blocked by Steve Oleksy.
13:16 of 1st period - Snap shot by Mathieu Dandenault.
13:16 of 1st period - Stopped by Alexander Salak with a rebound.
13:18 of 1st period - Snap shot by Jakub Kindl.
13:18 of 1st period - Stopped by Alexander Salak with a rebound.
13:32 of 1st period - Wrist shot by Mathieu Dandenault.
13:32 of 1st period - Shot Misses the Net.
13:37 of 1st period - Snap shot by Andrew MacDonald.
13:37 of 1st period - Shot Blocked by Ryan Hegarty.
13:43 of 1st period - Slapshot by Matt Hunwick.
13:43 of 1st period - Deflect By Nikita Alexeev.
13:43 of 1st period - Stopped by Alexander Salak with a rebound.
13:45 of 1st period - Slapshot by Matt Hunwick.
13:45 of 1st period - Shot Blocked by Sergei Kostitsyn.
14:03 of 1st period - Slapshot by Ben Maxwell.
14:03 of 1st period - Shot Misses the Net.
14:24 of 1st period - Minor Penalty to Ryan Hegarty for Hooking.
14:25 of 1st period - Matt Frattin wins face-off versus Shawn Matthias in Senators zone.
14:36 of 1st period - Icing by Matt Irwin.
14:37 of 1st period - Matt Frattin wins face-off versus Shawn Matthias in Blackdemons zone.
14:50 of 1st period - Wrist shot by Zach Boychuk.
14:50 of 1st period - Shot Misses the Net.
14:52 of 1st period - Snap shot by Matt Irwin.
14:52 of 1st period - Shot Blocked by Shane Sims.
14:56 of 1st period - Snap shot by Zach Boychuk.
14:56 of 1st period - Shot Misses the Net.
15:06 of 1st period - Wrist shot by Enver Lisin.
15:06 of 1st period - Stopped by Alexander Salak without a rebound.
15:07 of 1st period - Patrice Cormier wins face-off versus Matt Frattin in Senators zone.
15:08 of 1st period - Wrist shot by Barry Tallackson.
15:08 of 1st period - Stopped by Alexander Salak with a rebound.
15:10 of 1st period - Snap shot by Patrice Cormier.
15:10 of 1st period - Deflect By Barry Tallackson.
15:10 of 1st period - Goal by Barry Tallackson - Senators : 2 - Blackdemons : 1.
15:11 of 1st period - Patrice Cormier wins face-off versus Cody Hodgson in neutral zone.
15:14 of 1st period - Slapshot by Cody Hodgson.
15:14 of 1st period - Shot Blocked by Zach Boychuk.
15:24 of 1st period - Wrist shot by Steven Goertzen.
15:24 of 1st period - Goal by Steven Goertzen - Senators : 3 - Blackdemons : 1.
15:25 of 1st period - Patrice Cormier wins face-off versus Cody Hodgson in neutral zone.
15:28 of 1st period - Cody Hodgson is hit by Enver Lisin and loses puck.
15:35 of 1st period - Wrist shot by Zach Boychuk.
15:35 of 1st period - Deflect By Patrice Cormier.
15:35 of 1st period - Shot Misses the Net.
15:35 of 1st period - Puck is out of play.
15:36 of 1st period - Patrice Cormier wins face-off versus Josh Hennessy in Senators zone.
15:57 of 1st period - Minor Penalty to Logan Stephenson for Slashing.
15:58 of 1st period - Nikita Alexeev wins face-off versus Shawn Matthias in Senators zone.
15:58 of 1st period - Nikita Alexeev is hit by Enver Lisin.
17:29 of 1st period - Patrice Cormier is hit by Josh Hennessy and loses puck.
17:57 of 1st period - Penalty to Logan Stephenson is over, Logan Stephenson is back on ice.
18:04 of 1st period - Icing by Patrice Cormier.
18:05 of 1st period - Patrice Cormier wins face-off versus Mark Olver in Blackdemons zone.
18:40 of 1st period - Wrist shot by Mark Olver.
18:40 of 1st period - Stopped by Chris Mason without a rebound.
18:41 of 1st period - Cody Hodgson wins face-off versus Wayne Primeau in Blackdemons zone.
18:56 of 1st period - Wrist shot by Richard Park.
18:56 of 1st period - Shot Blocked by Patrick Wey.
19:08 of 1st period - Sergei Kostitsyn is hit by Steve Oleksy and loses puck.
19:33 of 1st period - Snap shot by Jack Skille.
19:33 of 1st period - Stopped by Chris Mason without a rebound.
19:34 of 1st period - Patrice Cormier wins face-off versus Mark Olver in Blackdemons zone.
19:34 of 1st period - Patrice Cormier is hit by Logan Stephenson.
Goals for this period are 3 for Senators vs 1 for Blackdemons.
Shots for this period are 18 for Senators vs 12 for Blackdemons.
2nd period
0:01 of 2nd period - Patrice Cormier wins face-off versus Josh Hennessy in neutral zone.
0:10 of 2nd period - Snap shot by Enver Lisin.
0:10 of 2nd period - Shot Misses the Net.
0:16 of 2nd period - Slapshot by Nikita Alexeev.
0:16 of 2nd period - Shot Misses the Net.
0:27 of 2nd period - Minor Penalty to Cody Hodgson for Hooking.
0:28 of 2nd period - Shawn Matthias wins face-off versus Nikita Alexeev in Senators zone.
0:35 of 2nd period - Backhand shot by Zach Boychuk.
0:35 of 2nd period - Stopped by Alexander Salak with a rebound.
0:37 of 2nd period - Snap shot by Enver Lisin.
0:37 of 2nd period - Shot Misses the Net.
0:39 of 2nd period - Snap shot by Shawn Matthias.
0:39 of 2nd period - Shot Misses the Net.
0:41 of 2nd period - Wrist shot by Shawn Matthias.
0:41 of 2nd period - Goal by Shawn Matthias - Senators : 3 - Blackdemons : 2.
0:42 of 2nd period - Cody Hodgson wins face-off versus Patrice Cormier in neutral zone.
2:15 of 2nd period - Slapshot by Mathieu Dandenault.
2:15 of 2nd period - Shot Misses the Net.
2:27 of 2nd period - Snap shot by Cody Hodgson.
2:27 of 2nd period - Stopped by Chris Mason with a rebound.
3:09 of 2nd period - Snap shot by Steven Goertzen.
3:09 of 2nd period - Shot Blocked by Bryan Rust.
3:15 of 2nd period - Snap shot by Cody Hodgson.
3:15 of 2nd period - Shot Blocked by Calvin de Haan.
3:25 of 2nd period - Snap shot by Cody Hodgson.
3:25 of 2nd period - Stopped by Chris Mason with a rebound.
3:27 of 2nd period - Snap shot by Martin Marincin.
3:27 of 2nd period - Stopped by Chris Mason without a rebound.
3:28 of 2nd period - Josh Hennessy wins face-off versus Patrice Cormier in Blackdemons zone.
3:41 of 2nd period - Slapshot by Enver Lisin.
3:41 of 2nd period - Shot Misses the Net.
3:49 of 2nd period - Minor Penalty to Logan Stephenson for Roughing.
3:50 of 2nd period - Nikita Alexeev wins face-off versus Shawn Matthias in Senators zone.
4:05 of 2nd period - Slapshot by Zach Boychuk.
4:05 of 2nd period - Goal by Zach Boychuk - Senators : 3 - Blackdemons : 3.
4:06 of 2nd period - Josh Hennessy wins face-off versus Patrice Cormier in neutral zone.
4:09 of 2nd period - Snap shot by Sergei Kostitsyn.
4:09 of 2nd period - Shot Misses the Net.
4:21 of 2nd period - Slapshot by Jakub Kindl.
4:21 of 2nd period - Shot Blocked by Shane Sims.
4:31 of 2nd period - Logan Stephenson is hit by Richard Park and loses puck.
4:42 of 2nd period - Slapshot by Sergei Kostitsyn.
4:42 of 2nd period - Goal by Sergei Kostitsyn - Senators : 4 - Blackdemons : 3.
4:43 of 2nd period - Cody Hodgson wins face-off versus Patrice Cormier in neutral zone.
4:58 of 2nd period - Matt Irwin is hit by Shane Sims and loses puck.
5:31 of 2nd period - Wrist shot by Gabriel Bourque.
5:31 of 2nd period - Stopped by Chris Mason with a rebound.
5:33 of 2nd period - Slapshot by Gabriel Bourque.
5:33 of 2nd period - Goal by Gabriel Bourque - Senators : 5 - Blackdemons : 3.
5:33 of 2nd period - Matt Hackett enters game.
5:34 of 2nd period - Patrice Cormier wins face-off versus Josh Hennessy in neutral zone.
6:21 of 2nd period - Slapshot by Matt Irwin.
6:21 of 2nd period - Stopped by Alexander Salak without a rebound.
6:22 of 2nd period - Mark Olver wins face-off versus Wayne Primeau in Senators zone.
6:45 of 2nd period - Wrist shot by Wayne Primeau.
6:45 of 2nd period - Stopped by Alexander Salak with a rebound.
6:47 of 2nd period - Slapshot by Jakub Kindl.
6:47 of 2nd period - Deflect By Richard Park.
6:47 of 2nd period - Stopped by Alexander Salak with a rebound.
6:49 of 2nd period - Slapshot by Matt Irwin.
6:49 of 2nd period - Deflect By Gabriel Bourque.
6:49 of 2nd period - Stopped by Alexander Salak with a rebound.
7:01 of 2nd period - Wrist shot by Richard Park.
7:01 of 2nd period - Shot Blocked by Nicolas Deslauriers.
7:03 of 2nd period - Snap shot by Wayne Primeau.
7:03 of 2nd period - Shot Misses the Net.
7:05 of 2nd period - Wrist shot by Eric Wellwood.
7:05 of 2nd period - Goal by Eric Wellwood - Senators : 5 - Blackdemons : 4.
7:06 of 2nd period - Patrice Cormier wins face-off versus Josh Hennessy in neutral zone.
7:32 of 2nd period - Wrist shot by Jaden Schwartz.
7:32 of 2nd period - Stopped by Matt Hackett with a rebound.
7:37 of 2nd period - Off-side.
7:38 of 2nd period - Shawn Matthias wins face-off versus Nick Bjugstad in neutral zone.
7:54 of 2nd period - Wrist shot by Matt Irwin.
7:54 of 2nd period - Deflect By Matt Frattin.
7:54 of 2nd period - Stopped by Alexander Salak with a rebound.
8:26 of 2nd period - Snap shot by Cody Hodgson.
8:26 of 2nd period - Stopped by Matt Hackett with a rebound.
8:59 of 2nd period - Matt Frattin is hit by Matt Hunwick and loses puck.
9:18 of 2nd period - Snap shot by Enver Lisin.
9:18 of 2nd period - Stopped by Alexander Salak with a rebound.
9:20 of 2nd period - Snap shot by Enver Lisin.
9:20 of 2nd period - Shot Blocked by Logan Stephenson.
9:22 of 2nd period - Slapshot by Jakub Kindl.
9:22 of 2nd period - Shot Misses the Net.
9:24 of 2nd period - Snap shot by Patrice Cormier.
9:24 of 2nd period - Shot Blocked by Logan Stephenson.
9:26 of 2nd period - Wrist shot by Enver Lisin.
9:26 of 2nd period - Stopped by Alexander Salak with a rebound.
9:28 of 2nd period - Snap shot by Zach Boychuk.
9:28 of 2nd period - Deflect By Enver Lisin.
9:28 of 2nd period - Shot Blocked by Jaden Schwartz.
9:28 of 2nd period - Puck is out of play.
9:29 of 2nd period - Shawn Matthias wins face-off versus Josh Hennessy in Senators zone.
9:54 of 2nd period - Enver Lisin is hit by Nicolas Deslauriers and loses puck.
10:03 of 2nd period - Slapshot by Cody Hodgson.
10:03 of 2nd period - Goal by Cody Hodgson - Senators : 6 - Blackdemons : 4.
10:04 of 2nd period - Josh Hennessy wins face-off versus Patrice Cormier in neutral zone.
10:15 of 2nd period - Snap shot by Zach Boychuk.
10:15 of 2nd period - Stopped by Alexander Salak with a rebound.
10:17 of 2nd period - Snap shot by Andrew MacDonald.
10:17 of 2nd period - Stopped by Alexander Salak with a rebound.
10:19 of 2nd period - Snap shot by Zach Boychuk.
10:19 of 2nd period - Stopped by Alexander Salak with a rebound.
10:31 of 2nd period - Brett Sterling is hit by Michael Haley and loses puck.
10:46 of 2nd period - Martin Marincin is hit by Wayne Primeau and loses puck.
11:28 of 2nd period - Backhand shot by Sergei Kostitsyn.
11:28 of 2nd period - Stopped by Matt Hackett with a rebound.
11:34 of 2nd period - Snap shot by Nikita Alexeev.
11:34 of 2nd period - Stopped by Matt Hackett with a rebound.
11:55 of 2nd period - Matt Frattin is hit by Barry Tallackson and loses puck.
12:10 of 2nd period - Nick Bjugstad is hit by Wayne Primeau and loses puck.
12:17 of 2nd period - Snap shot by Richard Park.
12:17 of 2nd period - Shot Misses the Net.
12:19 of 2nd period - Snap shot by Eric Wellwood.
12:19 of 2nd period - Shot Misses the Net.
12:36 of 2nd period - Icing by Jaden Schwartz.
12:37 of 2nd period - Shawn Matthias wins face-off versus Nick Bjugstad in Senators zone.
12:40 of 2nd period - Slapshot by Shawn Matthias.
12:40 of 2nd period - Shot Misses the Net.
12:42 of 2nd period - Snap shot by Andrew MacDonald.
12:42 of 2nd period - Stopped by Alexander Salak with a rebound.
12:44 of 2nd period - Wrist shot by Shawn Matthias.
12:44 of 2nd period - Deflect By Matt Frattin.
12:44 of 2nd period - Stopped by Alexander Salak with a rebound.
13:02 of 2nd period - Slapshot by Nick Bjugstad.
13:02 of 2nd period - Shot Misses the Net.
13:04 of 2nd period - Snap shot by Jaden Schwartz.
13:04 of 2nd period - Stopped by Matt Hackett with a rebound.
13:06 of 2nd period - Snap shot by Matt Frattin.
13:06 of 2nd period - Stopped by Matt Hackett with a rebound.
13:18 of 2nd period - Snap shot by Matt Frattin.
13:18 of 2nd period - Stopped by Matt Hackett with a rebound.
13:20 of 2nd period - Wrist shot by Nick Bjugstad.
13:20 of 2nd period - Stopped by Matt Hackett with a rebound.
13:42 of 2nd period - Snap shot by Matt Frattin.
13:42 of 2nd period - Stopped by Matt Hackett with a rebound.
14:04 of 2nd period - Slapshot by Jaden Schwartz.
14:04 of 2nd period - Stopped by Matt Hackett with a rebound.
14:06 of 2nd period - Wrist shot by Jaden Schwartz.
14:06 of 2nd period - Stopped by Matt Hackett with a rebound.
14:08 of 2nd period - Wrist shot by Nicolas Deslauriers.
14:08 of 2nd period - Stopped by Matt Hackett with a rebound.
14:10 of 2nd period - Wrist shot by Matt Frattin.
14:10 of 2nd period - Stopped by Matt Hackett with a rebound.
14:20 of 2nd period - Snap shot by Jaden Schwartz.
14:20 of 2nd period - Shot Blocked by Michael Haley.
14:22 of 2nd period - Wrist shot by Matt Frattin.
14:22 of 2nd period - Stopped by Matt Hackett with a rebound.
14:46 of 2nd period - Slapshot by Matt Frattin.
14:46 of 2nd period - Shot Hit the Post.
14:48 of 2nd period - Wrist shot by Matt Frattin.
14:48 of 2nd period - Shot Blocked by Barry Tallackson.
15:17 of 2nd period - Slapshot by Jaden Schwartz.
15:17 of 2nd period - Stopped by Matt Hackett without a rebound.
15:18 of 2nd period - Zach Boychuk wins face-off versus Josh Hennessy in Blackdemons zone.
15:18 of 2nd period - Zach Boychuk is hit by Nikita Alexeev.
15:30 of 2nd period - Snap shot by Zach Boychuk.
15:30 of 2nd period - Stopped by Alexander Salak with a rebound.
15:32 of 2nd period - Snap shot by Enver Lisin.
15:32 of 2nd period - Stopped by Alexander Salak without a rebound.
15:33 of 2nd period - Cody Hodgson wins face-off versus Patrice Cormier in Senators zone.
15:33 of 2nd period - Cody Hodgson is hit by Patrice Cormier.
15:55 of 2nd period - Minor Penalty to Jakub Kindl for Holding.
15:56 of 2nd period - Josh Hennessy wins face-off versus Wayne Primeau in Blackdemons zone.
16:03 of 2nd period - Backhand shot by Nikita Alexeev.
16:03 of 2nd period - Shot Misses the Net.
16:05 of 2nd period - Snap shot by Josh Hennessy.
16:05 of 2nd period - Shot Blocked by Matt Irwin.
17:55 of 2nd period - Penalty to Jakub Kindl is over, Jakub Kindl is back on ice.
18:03 of 2nd period - Shane Sims is hit by Ben Maxwell and loses puck.
18:59 of 2nd period - Icing by Mathieu Dandenault.
19:00 of 2nd period - Cody Hodgson wins face-off versus Ben Maxwell in Blackdemons zone.
19:35 of 2nd period - Off-side.
19:36 of 2nd period - Shawn Matthias wins face-off versus Cody Hodgson in neutral zone.
19:50 of 2nd period - Steven Goertzen is hit by Shawn Matthias and loses puck.
Goals for this period are 3 for Senators vs 3 for Blackdemons.
Shots for this period are 22 for Senators vs 18 for Blackdemons.
3rd period
0:01 of 3rd period - Patrice Cormier wins face-off versus Josh Hennessy in neutral zone.
0:11 of 3rd period - Matt Irwin is hit by Shane Sims and loses puck.
0:52 of 3rd period - Snap shot by Nikita Alexeev.
0:52 of 3rd period - Stopped by Matt Hackett with a rebound.
0:54 of 3rd period - Wrist shot by Sergei Kostitsyn.
0:54 of 3rd period - Stopped by Matt Hackett without a rebound.
0:55 of 3rd period - Cody Hodgson wins face-off versus Patrice Cormier in Blackdemons zone.
1:21 of 3rd period - Mark Olver is hit by Michael Haley and loses puck.
2:00 of 3rd period - Calvin de Haan is hit by Shane Sims and loses puck.
2:07 of 3rd period - Brett Sterling is hit by Jakub Kindl and loses puck.
2:22 of 3rd period - Jack Skille is hit by Enver Lisin and loses puck.
2:47 of 3rd period - Slapshot by Sergei Kostitsyn.
2:47 of 3rd period - Shot Misses the Net.
3:18 of 3rd period - Minor Penalty to Bryan Rust for High sticking.
3:19 of 3rd period - Josh Hennessy wins face-off versus Wayne Primeau in Blackdemons zone.
3:46 of 3rd period - Icing by Steven Goertzen.
3:47 of 3rd period - Cody Hodgson wins face-off versus Wayne Primeau in Senators zone.
3:57 of 3rd period - Off-side.
3:58 of 3rd period - Nikita Alexeev wins face-off versus Wayne Primeau in neutral zone.
4:23 of 3rd period - Shane Sims is hit by Shawn Matthias and loses puck.
5:18 of 3rd period - Penalty to Bryan Rust is over, Bryan Rust is back on ice.
5:30 of 3rd period - Richard Park is hit by Gabriel Bourque.
5:51 of 3rd period - Off-side.
5:52 of 3rd period - Zach Boychuk wins face-off versus Nick Bjugstad in neutral zone.
6:11 of 3rd period - Patrice Cormier is hit by Jaden Schwartz and loses puck.
6:26 of 3rd period - Snap shot by Matt Frattin.
6:26 of 3rd period - Shot Blocked by Matt Irwin.
6:40 of 3rd period - Wrist shot by Enver Lisin.
6:40 of 3rd period - Shot Misses the Net.
7:14 of 3rd period - Off-side.
7:15 of 3rd period - Josh Hennessy wins face-off versus Michael Haley in neutral zone.
8:03 of 3rd period - Slapshot by Andrew MacDonald.
8:03 of 3rd period - Shot Blocked by Martin Marincin.
9:04 of 3rd period - Wayne Primeau is hit by Josh Hennessy and loses puck.
9:11 of 3rd period - Sergei Kostitsyn is hit by Richard Park and loses puck.
9:28 of 3rd period - Snap shot by Steven Goertzen.
9:28 of 3rd period - Shot Misses the Net.
9:30 of 3rd period - Slapshot by Steven Goertzen.
9:30 of 3rd period - Stopped by Matt Hackett with a rebound.
9:32 of 3rd period - Slapshot by Ryan Hegarty.
9:32 of 3rd period - Deflect By Matt Irwin.
9:32 of 3rd period - Stopped by Matt Hackett with a rebound.
9:34 of 3rd period - Wrist shot by Steven Goertzen.
9:34 of 3rd period - Stopped by Matt Hackett with a rebound.
9:36 of 3rd period - Wrist shot by Brett Sterling.
9:36 of 3rd period - Deflect By Wayne Primeau.
9:36 of 3rd period - Shot Misses the Net.
9:36 of 3rd period - Puck is out of play.
9:37 of 3rd period - Cody Hodgson wins face-off versus Patrice Cormier in Blackdemons zone.
9:44 of 3rd period - Wrist shot by Steven Goertzen.
9:44 of 3rd period - Deflect By Cody Hodgson.
9:44 of 3rd period - Stopped by Matt Hackett with a rebound.
9:50 of 3rd period - Slapshot by Cody Hodgson.
9:50 of 3rd period - Shot Blocked by Andrew MacDonald.
10:00 of 3rd period - Enver Lisin is hit by Nikita Alexeev and loses puck.
10:25 of 3rd period - Wrist shot by Barry Tallackson.
10:25 of 3rd period - Stopped by Alexander Salak without a rebound.
10:26 of 3rd period - Michael Haley wins face-off versus Josh Hennessy in Senators zone.
10:53 of 3rd period - Patrick Wey is hit by Matt Irwin and loses puck.
11:33 of 3rd period - Snap shot by Shane Sims.
11:33 of 3rd period - Shot Blocked by Calvin de Haan.
11:41 of 3rd period - Snap shot by Jaden Schwartz.
11:41 of 3rd period - Shot Misses the Net.
11:43 of 3rd period - Wrist shot by Matt Frattin.
11:43 of 3rd period - Shot Misses the Net.
12:19 of 3rd period - Snap shot by Brett Sterling.
12:19 of 3rd period - Stopped by Matt Hackett without a rebound.
12:20 of 3rd period - Wayne Primeau wins face-off versus Cody Hodgson in Blackdemons zone.
12:41 of 3rd period - Slapshot by Andrew MacDonald.
12:41 of 3rd period - Stopped by Alexander Salak without a rebound.
12:42 of 3rd period - Josh Hennessy wins face-off versus Patrice Cormier in Senators zone.
13:07 of 3rd period - Slapshot by Cody Hodgson.
13:07 of 3rd period - Shot Misses the Net.
13:36 of 3rd period - Zach Boychuk is hit by Nick Bjugstad and loses puck.
13:57 of 3rd period - Wrist shot by Zach Boychuk.
13:57 of 3rd period - Shot Misses the Net.
14:20 of 3rd period - Sergei Kostitsyn is hit by Michael Haley and loses puck.
16:36 of 3rd period - Snap shot by Steven Goertzen.
16:36 of 3rd period - Shot Misses the Net.
16:38 of 3rd period - Wrist shot by Cody Hodgson.
16:38 of 3rd period - Shot Misses the Net.
17:40 of 3rd period - Minor Penalty to Enver Lisin for Holding.
17:41 of 3rd period - Wayne Primeau wins face-off versus Josh Hennessy in Blackdemons zone.
17:41 of 3rd period - Wayne Primeau is hit by Nikita Alexeev.
18:11 of 3rd period - Snap shot by Steven Goertzen.
18:11 of 3rd period - Stopped by Matt Hackett without a rebound.
18:12 of 3rd period - Wayne Primeau wins face-off versus Josh Hennessy in Blackdemons zone.
18:12 of 3rd period - Wayne Primeau is hit by Martin Marincin.
18:22 of 3rd period - Snap shot by Sergei Kostitsyn.
18:22 of 3rd period - Goal by Sergei Kostitsyn - Senators : 7 - Blackdemons : 4.
18:23 of 3rd period - Enver Lisin wins face-off versus Nikita Alexeev in neutral zone.
18:37 of 3rd period - Minor Penalty to Nikita Alexeev for Interference.
18:38 of 3rd period - Shawn Matthias wins face-off versus Matt Frattin in Senators zone.
18:40 of 3rd period - Snap shot by Zach Boychuk.
18:40 of 3rd period - Goal by Zach Boychuk - Senators : 7 - Blackdemons : 5.
18:41 of 3rd period - Mark Olver wins face-off versus Wayne Primeau in neutral zone.
19:07 of 3rd period - Logan Stephenson is hit by Jakub Kindl and loses puck.
Goals for this period are 1 for Senators vs 1 for Blackdemons.
Shots for this period are 9 for Senators vs 3 for Blackdemons.
Output by the SimonT Hockey Simulator (STHS) for François Prévost -- Original Page W3C XHTML 1.0 Valid